 Dungeon Crawl Stone Soup version 0.17-a0-1368-g6ab37f2 (webtiles) character file.

465596 wotan the Wrestler (level 24, -16/213 (216) HPs)
             Began as a Ghoul Monk on June 9, 2015.
             Was the Champion of Makhleb.
             Demolished by a giant leech (25 damage)
             ... on level 4 of the Swamp on June 12, 2015.
             The game lasted 08:49:27 (71835 turns).

wotan the Wrestler (Ghoul Monk)                    Turns: 71835, Time: 08:49:29

HP:   -16/213 (216) AC: 24    Str: 27    XL:     24   Next: 85%
MP:   32/32         EV: 20    Int:  9    God:    Makhleb [******]
Gold: 3634          SH:  9    Dex: 21    Spells: 5 memorised, 8 levels left

rFire  x . .     SeeInvis +       - Unarmed
rCold  + + .     Clarity  .     C - +7 ring mail "Gocuteh" {rElec rPois rF- Stlth+}
rNeg   + + +     SustAt   .     K - +2 buckler of Jeecrak {rPois rN+ Dex+2}
rPois  ∞         Gourm    .     T - +0 helmet of the Furies {rF+}
rElec  +         Spirit   .     t - +2 cloak {MR+}
rCorr  +         Warding  .     (no gloves)
rMut   .         Stasis   .     J - +2 pair of boots
MR     ++...                    P - amulet of Suspected Treachery {rCorr Str+4 Stlth+}
Stlth  +++.......               E - ring of see invisible
                                Y - ring "Neniurho" {Ice rN+ Dex+4}

@: mighty, rotting, very resistant to hostile enchantments, fairly stealthy
A: rotting body, claws 1, carnivore 3, cold resistance 1, negative energy
resistance 3, slow healing 1, torment resistance, unbreathing
a: Minor Destruction, Lesser Servant of Makhleb, Major Destruction, Greater
Servant of Makhleb, Renounce Religion
}: 1/15 runes: serpentine


You were on level 4 of the Swamp.
You worshipped Makhleb.
Makhleb was exalted by your worship.
You were not hungry.

You visited 8 branches of the dungeon, and saw 45 of its levels.
You also visited: Bailey, Ice Cave and Wizlab.

You collected 6665 gold pieces.
You spent 3031 gold pieces at shops.

Inventory:

Hand weapons
 a - a +5 blowgun
Missiles
 z - 36 poisoned needles (quivered)
Armour
 t - a +2 cloak of magic resistance (worn)
 C - the +7 ring mail "Gocuteh" (worn) {rElec rPois rF- Stlth+}
   (You bought it in a shop on level 2 of the Orcish Mines)

   It makes you vulnerable to fire.
   It insulates you from electricity.
   It protects you from poison.
   It makes you more stealthy.
 J - a +2 pair of boots (worn)
 K - the +2 buckler of Jeecrak (worn) {rPois rN+ Dex+2}
   (You bought it in a shop on level 4 of the Orcish Mines)

   It affects your dexterity (+2).
   It protects you from poison.
   It protects you from negative energy.
 M - the +1 plate armour "Vaurriu" {+Fly rElec Int-2}
   (You bought it in a shop on level 4 of the Orcish Mines)

   It affects your intelligence (-2).
   It insulates you from electricity.
   It lets you fly.
 T - the +0 helmet of the Furies (worn) {rF+}
   (You bought it in a shop on level 2 of the Orcish Mines)

   It protects you from fire.
Jewellery
 m - an uncursed amulet of clarity
 s - an uncursed ring of invisibility
 D - an uncursed amulet of stasis
 E - a ring of see invisible (right claw)
 G - an uncursed ring of sustain attributes
 O - the ring "Vobi" {Fire rPois MR+}
   (You found it on level 1 of the Depths)

   [ring of fire]

   It enhances your fire magic, and weakens your ice magic.
   It protects you from fire.
   It makes you vulnerable to cold.
   It protects you from poison.
   It affects your resistance to hostile enchantments.
 P - the amulet of Suspected Treachery (around neck) {rCorr Str+4 Stlth+}
   (You found it on level 7 of the Lair of Beasts)

   [amulet of resist corrosion]

   It protects you from acid and corrosion.
   It affects your strength (+4).
   It makes you more stealthy.
 Y - the ring "Neniurho" (left claw) {Ice rN+ Dex+4}
   (You found it on level 3 of the Lair of Beasts)

   [ring of ice]

   It enhances your ice magic, and weakens your fire magic.
   It affects your dexterity (+4).
   It makes you vulnerable to fire.
   It protects you from cold.
   It protects you from negative energy.
Magical devices
 l - a wand of invisibility (3)
 o - a wand of fire (8)
 w - a wand of flame (22)
 y - a wand of disintegration (16)
 F - a wand of draining (7)
 I - a wand of teleportation (4)
 R - a wand of digging (15)
 S - a wand of invisibility (5)
 W - a wand of slowing (28)
 Z - a wand of polymorph (6)
Scrolls
 d - 17 scrolls of remove curse
 g - 2 scrolls of silence
 h - 17 scrolls of teleportation
 j - 7 scrolls of identify
 u - 3 scrolls of magic mapping
 v - 2 scrolls of amnesia
 H - 3 scrolls of fear
 U - 3 scrolls of recharging
 X - 6 scrolls of fog
Potions
 e - a potion of haste
 f - 2 potions of brilliance
 i - 6 potions of resistance
 k - a potion of cancellation
 n - 2 potions of magic
 p - 14 potions of curing
 r - a potion of might
 x - 3 potions of agility
 V - 5 potions of heal wounds
Miscellaneous
 c - a lamp of fire
 q - a sack of spiders
 L - a phantom mirror
 N - a legendary deck of destruction {the Storm}
 Q - a legendary deck of escape {the Alchemist}
Comestibles
 b - 13 meat rations
 A - 12 beef jerkies
 B - 18 slices of pizza


   Skills:
 + Level 18.1 Fighting
 - Level 3.1 Throwing
 - Level 15.8 Armour
 - Level 9.9 Dodging
 - Level 7.0 Stealth
 - Level 7.0 Shields
 - Level 26.4 Unarmed Combat
 - Level 3.5 Conjurations
 - Level 8.8 Hexes
 - Level 8.0 Ice Magic
 - Level 13.3 Invocations
 - Level 10.0 Evocations


You had 8 spell levels left.
You knew the following spells:

 Your Spells              Type           Power        Failure   Level  Hunger
a - Condensation Shield   Ice            ###.......   21%         4    #####..
b - Throw Frost           Conj/Ice       ###...       10%         2    ###....
c - Freeze                Ice            ###.         1%          1    ##.....
d - Ozocubu's Armour      Chrm/Ice       ##......     30%         3    ####...
e - Metabolic Englaciati  Hex/Ice        ###.......   56%         5    ######.


Dungeon Overview and Level Annotations

Branches:
Dungeon (15/15)            Temple (1/1) D:5            Lair (8/8) D:10
  Swamp (4/4) Lair:5        Snake (4/4) Lair:6        Slime (0/6) Lair:7
    Orc (4/4) D:11            Elf (0/3) Orc:4        Vaults (4/5) D:13
  Crypt (0/3) Vaults:3     Depths (5/5) D:15
    Zot: Depths:5

Altars:
Ashenzari
Cheibriados
Dithmenos
Elyvilon
Fedhas
Gozag
Kikubaaqudgha
Makhleb
Nemelex Xobeh
Okawaru
Qazlal
Ru
Sif Muna
Trog
Vehumet
Xom
Yredelemnul
Zin
The Shining One
Beogh

Shops:
D:6 ?   D:7 ?   D:11 !   Orc:2 [   Orc:4 ?%[*   Vaults:2 !

Portals:
Hell: Depths:1 Depths:2 Depths:3 Depths:4 Depths:5
Abyss: Depths:2 Depths:4
Pandemonium: Depths:3
Ziggurat: Depths:3

Annotations:
Lair:7 exclusion: 2 oklob plants
Swamp:4 exclusion: Roxanne, Lernaean hydra, Roxanne
Depths:5 Mennas


Innate Abilities, Weirdness & Mutations

Your body is rotting away.
You thrive on raw meat.
You are immune to poison.
You have sharp fingernails.
You are carnivorous and can eat meat at any time.
Your flesh is cold resistant.
You are immune to negative energy.
You heal slowly when monsters are visible.
You are immune to unholy pain and torment.
You can survive without breathing.


Message History

You block the 27-headed Lernaean hydra's attack.
The 27-headed Lernaean hydra bites you but does no damage.
The 27-headed Lernaean hydra bites you.
* * * LOW HITPOINT WARNING * * *
The 27-headed Lernaean hydra bites you but does no damage.
You block the 27-headed Lernaean hydra's attack.
The 27-headed Lernaean hydra bites you!
* * * LOW HITPOINT WARNING * * *
The 27-headed Lernaean hydra bites you but does no damage. x2
The 27-headed Lernaean hydra bites you!
* * * LOW HITPOINT WARNING * * *
The 27-headed Lernaean hydra bites you but does no damage.
The 27-headed Lernaean hydra bites you!
* * * LOW HITPOINT WARNING * * *
The 27-headed Lernaean hydra misses you. x2
The 27-headed Lernaean hydra bites you but does no damage.
The 27-headed Lernaean hydra barely misses you.
The 27-headed Lernaean hydra bites you but does no damage.
The giant leech bites you!!
You die...

≈≈.....♣♣ ≈≈≈≈≈≈....♣♣≈.≈......
≈≈.≈...≈♣ ♣≈≈≈≈≈%≈.♣♣.....≈≈...
≈≈....≈.♣♣ ♣..≈≈....♣≈≈.≈≈≈≈≈♣♣
≈..≈♣≈≈≈≈♣ ♣≈.≈≈≈.≈♣♣.≈≈:≈≈≈≈♣♣
≈≈......≈♣ ♣.≈≈...♣♣♣♣♣♣♣....♣
.≈...≈≈.♣♣ ♣♣.≈≈≈≈§.♣ ♣♣≈♣♣≈♣♣
♣≈....≈.♣ ♣.≈≈.≈≈≈<♣♣ ♣≈♣♣≈†♣♣♣
♣≈..≈...♣ ♣..≈w≈≈.≈≈♣♣♣♣♣♣♣≈.≈≈
♣♣♣≈..≈≈♣ ♣≈.≈@D≈≈≈≈≈♣ ♣♣≈≈≈≈≈≈
≈♣.≈≈≈≈.♣♣♣♣♣♣≈.≈≈≈≈≈≈≈≈♣♣.≈≈≈≈≈≈
≈.≈≈≈≈≈≈≈≈≈..[≈.≈≈≈≈≈≈.♣≈♣.≈≈≈≈≈.
≈≈≈≈..≈≈≈≈≈...♣.?≈≈≈≈≈♣♣ ♣≈....≈♣
....♣≈≈≈≈≈≈.≈♣♣♣♣....♣♣ ♣♣≈..≈♣♣
≈≈≈§..≈≈≈≈≈≈♣≈♣ ♣♣♣≈..♣ ♣..≈♣♣.
≈≈..≈≈.≈≈≈.♣♣♣♣ ♣≈.♣≈♣ ♣♣≈♣♣♣.
...≈.§.≈≈≈...♣♣ ♣♣♣♣♣♣♣♣ ♣♣♣♣.≈
♣♣♣≈..≈....≈≈.♣♣♣.≈..≈♣♣♣♣ ♣..≈≈


You could see the 27-headed Lernaean hydra (bleeding) and a giant leech.

Vanquished Creatures
  Frederick (Vaults:2)
  Margery (Depths:2)
  A caustic shrike (Depths:2)
  A golden dragon (Depths:3)
  Xtahua (Depths:5)
  2 liches
  A quicksilver dragon (Depths:3)
  A deep elf blademaster (Depths:3)
  A titan (Depths:2)
  3 shadow dragons
  A storm dragon (Depths:3)
  The ghost of 4thArraOfDagon the Severer, a mighty MiGl of Makhleb (Swamp:2)
  6 sphinxes
  5 fire giants
  2 thorn hunters
  9 greater nagas
  Wiglaf (Snake:4)
  The ghost of Baka the Severer, a mighty HOFi of Beogh (Swamp:2)
  Donald (Swamp:4)
  13 frost giants
  Maud (Lair:3)
  3 iron dragons
  2 deep elf sorcerers
  A reaper (Depths:3)
  An orc warlord (Orc:4)
  9 vault wardens
  A ghoul (Vaults:3)
  18 stone giants
  A war gargoyle (Vaults:2)
  6 very ugly things
  17 ironheart preservers
  2 deep elf demonologists
  Nessos (D:13)
  A salamander firebrand (Depths:3)
  3 deep elf annihilators
  2 mottled draconians (Depths:5)
  A white draconian (Depths:5)
  2 red draconians (Depths:5)
  An ettin (shapeshifter) (Vaults:1)
  12 purple draconians (WizLab)
  An eidolon (Vaults:3)
  11 ettins
  A merfolk javelineer (Depths:2)
  2 green deaths (Swamp:4)
  2 merfolk impalers (Depths:2)
  2 deep elf death magi
  8 great orbs of eyes
  11 yaktaur captains
  Josephine (D:13)
  8 vault guards
  4 entropy weavers
  12 fire dragons
  6 deep elf high priests
  Harold (Lair:3)
  Erolcha (D:8)
  9 ice dragons
  A great orb of eyes (shapeshifter) (Depths:2)
  3 rakshasas
  19 naga warriors
  8 alligators
  9 statues (WizLab)
  16 hydras
  3 ghost crabs
  3 spriggan air magi
  14 centaur warriors
  8 anacondas
  4 salamander stormcallers
  12 deep troll shamans
  10 deep troll earth magi
  A vampire mage (Vaults:3)
  7 death yaks
  A tengu warrior (Depths:1)
  14 ogre magi
  12 shock serpents
  6 orc high priests (Orc:4)
  A thrashing horror (Swamp:4)
  7 spriggan berserkers
  3 sun demons (Depths:3)
  8 naga sharpshooters
  Sonja (Lair:3)
  3 soul eaters (Depths:3)
  The ghost of Raurakos the Grappler, a powerful VSTm of Makhleb (Lair:2)
  8 deep elf knights
  7 hell knights
  A sea snake (Snake:1)
  4 iron trolls
  7 skeletal warriors
  A death drake (shapeshifter) (Vaults:3)
  2 ice devils (Depths:3)
  7 salamander mystics
  11 swamp dragons
  11 naga ritualists
  5 necromancers
  4 unseen horrors
  2 ice statues
  2 flayed ghosts (Depths:1)
  3 spriggan druids
  9 hill giants
  Pikel (D:9)
  2 shambling mangroves (Swamp:4)
  35 deep trolls
  5 deep elf summoners (Depths:3)
  2 giant orange brains
  13 ironbrand convokers
  8 deep elf conjurers
  4 wizards
  19 orc knights
  4 lindwurms (Snake:4)
  15 wolf spiders
  9 griffons
  6 orc sorcerers (Orc:4)
  15 salamanders
  8 mana vipers
  A shining eye (shapeshifter) (D:15)
  8 oklob plants
  A wolf spider (shapeshifter) (Vaults:2)
  27 ugly things
  A water nymph (shapeshifter) (Vaults:2)
  6 cyclopes
  3 hornets (shapeshifter)
  A salamander (shapeshifter) (D:13)
  16 vault sentinels
  11 guardian serpents
  37 black mambas
  2 hornets
  2 manticores (D:13)
  A frost giant skeleton (Vaults:4)
  8 rust devils (Depths:3)
  4 elephants (Lair:4)
  2 orange demons (Swamp:4)
  4 gargoyles
  3 centaur zombies
  A black mamba (shapeshifter) (Vaults:2)
  An orange crystal statue (D:15)
  30 spiny frogs
  A centaur skeleton (D:10)
  4 komodo dragons
  22 naga magi
  39 yaktaurs
  An efreet (Depths:3)
  17 freezing wraiths
  2 fire drakes
  12 giant leeches
  4 red devils (Depths:3)
  3 trolls
  3 deep elf priests
  19 two-headed ogres
  5 tengu conjurers
  3 polar bears
  3 blue devils (Depths:3)
  A jumping spider (shapeshifter) (Vaults:4)
  A golden dragon simulacrum (Depths:3)
  Prince Ribbit (D:9)
  29 slime creatures
  A trapdoor spider zombie (D:13)
  3 jumping spiders
  4 boulder beetles
  A two-headed ogre (shapeshifter) (Vaults:3)
  7 bog bodies
  15 blink frogs
  2 air elementals (Depths:2)
  A sphinx simulacrum (Vaults:4)
  5 trapdoor spiders
  The ghost of nuthulu the Shield-Bearer, an average GrFi (D:4)
  8 shadows
  10 redbacks
  8 wraiths
  19 deep elf fighters
  A flying skull (Depths:3)
  3 wyverns
  24 deep elf magi
  A human (shapeshifter) (D:14)
  A tarantella (shapeshifter) (Vaults:3)
  2 basilisks
  42 yaks
  3 tarantellas
  12 hippogriffs
  A steam dragon (D:10)
  A human (D:11)
  2 soldier ants
  19 wolves
  12 spriggans
  8 water elementals
  A naga (shapeshifter) (Vaults:1)
  4 hungry ghosts
  32 swamp worms
  2 mottled dragons
  62 vampire mosquitoes
  12 insubstantial wisps (Swamp:3)
  27 water moccasins
  A small abomination (Swamp:4)
  5 wargs
  45 nagas
  15 ice beasts
  2 slaves
  8 porcupines
  3 hell hounds (Depths:3)
  18 wasps
  5 swamp drakes
  2 black bears (D:7)
  A black bear (shapeshifter) (Depths:5)
  An ogre (shapeshifter) (Vaults:1)
  48 ogres
  63 orc warriors
  3 phantoms
  3 necrophages
  2 eyes of draining
  7 boggarts
  23 centaurs
  9 crocodiles
  A crocodile (shapeshifter) (Depths:1)
  6 sky beasts
  2 brain worms (D:12)
  33 giant frogs
  An elf skeleton (D:9)
  A glowing shapeshifter simulacrum (Vaults:3)
  A wyvern zombie (D:7)
  A swamp dragon simulacrum (IceCv)
  2 human simulacra
  7 scorpions
  13 killer bees
  3 lava snakes
  6 electric eels
  A quasit (D:12)
  A giant frog zombie (D:6)
  6 crimson imps
  11 wights
  4 human zombies (D:9)
  7 jellies
  44 orc wizards
  Crazy Yiuf (D:3)
  4 draconian simulacra (IceCv)
  40 orc priests
  A giant frog skeleton (D:12)
  An iron imp (Depths:4)
  2 hounds
  Terence (D:3)
  3 human skeletons (D:9)
  2 wolf simulacra (IceCv)
  2 killer bee zombies (D:7)
  6 iguanas
  2 hell rats (Lair:3)
  14 worker ants
  6 troll simulacra (IceCv)
  A polar bear simulacrum (IceCv)
  A spriggan simulacrum (IceCv)
  9 sheep
  3 centaur simulacra (IceCv)
  A hound zombie (D:7)
  2 hound skeletons
  A worker ant zombie (D:8)
  A mummy (D:9)
  19 adders
  An ogre simulacrum (IceCv)
  75 river rats
  3 naga simulacra (IceCv)
  3 shadow imps
  12 white imps (IceCv)
  2 adder zombies
  An ooze (D:1)
  2 adder skeletons
  9 worms
  9 giant geckos
  314 orcs
  23 bats
  4 bat skeletons
  A bat zombie (D:4)
  9 giant cockroaches
  40 goblins
  19 hobgoblins
  10 jackals
  15 kobolds
  4 quokkas
  2 ball pythons
  8 giant newts
  A jackal zombie (D:6)
  A quokka zombie (D:7)
  28 rats
  A spectral orc (D:6)
  2 briar patches (Swamp:2)
  A butterfly (D:7)
  A fungus (D:3)
  A plant (D:15)
2460 creatures vanquished.

Vanquished Creatures (collateral kills)
  A hydra (Lair:2)
  2 sheep (D:15)
3 creatures vanquished.

Vanquished Creatures (others)
  An unseen horror (D:13)
  A necromancer (Depths:2)
  A queen bee (shapeshifter) (Depths:2)
  A sphinx simulacrum (Depths:3)
  A slime creature (Depths:2)
  A wasp (Swamp:3)
  A boggart (Depths:2)
  An ogre (Vaults:4)
  A draconian simulacrum (IceCv)
  An orc wizard (D:9)
  A naga simulacrum (IceCv)
  A briar patch (Swamp:2)
  5 fungi
  14 plants
  8 toadstools (Swamp:2)
39 creatures vanquished.

Grand Total: 2502 creatures vanquished

Notes
Turn   | Place    | Note
--------------------------------------------------------------
     0 | D:1      | wotan the Ghoul Monk began the quest for the Orb.
     0 | D:1      | Reached XP level 1. HP: 19/19 MP: 0/0
   252 | D:1      | Reached skill level 5 in Unarmed Combat
   252 | D:1      | Reached XP level 2. HP: 19/25 MP: 1/1
   548 | D:1      | Reached XP level 3. HP: 28/31 MP: 2/2
  1324 | D:2      | Reached XP level 4. HP: 38/38 MP: 3/3
  1338 | D:2      | Reached skill level 6 in Unarmed Combat
  1871 | D:3      | Reached XP level 5. HP: 43/45 MP: 4/4
  2118 | D:3      | Noticed Terence
  2151 | D:3      | Reached skill level 7 in Unarmed Combat
  2157 | D:3      | Killed Terence
  2541 | D:2      | Found a shimmering altar of Xom.
  2733 | D:3      | Noticed Crazy Yiuf
  2742 | D:3      | Killed Crazy Yiuf
  2742 | D:3      | Reached XP level 6. HP: 23/51 MP: 5/5
  2991 | D:4      | Reached skill level 8 in Unarmed Combat
  3212 | D:4      | Found a shattered altar of Ashenzari.
  3212 | D:4      | Noticed nuthulu's ghost (average GrFi)
  3458 | D:4      | Reached XP level 7. HP: 50/57 MP: 6/6
  3462 | D:4      | Reached skill level 9 in Unarmed Combat
  3559 | D:4      | Found a deep blue altar of Sif Muna.
  3909 | D:5      | Entered Level 5 of the Dungeon
  4062 | D:5      | Found a bloodstained altar of Trog.
  4178 | D:5      | Reached skill level 1 in Armour
  4467 | D:5      | Found a staircase to the Ecumenical Temple.
  4478 | Temple   | Entered the Ecumenical Temple
  4926 | D:6      | Found a blossoming altar of Fedhas.
  5033 | D:6      | Found a stormy altar of Qazlal.
  5177 | D:6      | Reached XP level 8. HP: 37/63 MP: 7/7
  5601 | D:6      | Found Sughoaha's Magic Scroll Shop.
  6201 | D:6      | Reached skill level 5 in Armour
  6243 | D:6      | Found a basalt altar of Yredelemnul.
  6609 | D:7      | Found a sparkling altar of Nemelex Xobeh.
  6861 | D:7      | Reached skill level 5 in Fighting
  6972 | D:7      | Reached XP level 9. HP: 58/75 MP: 8/8
  8102 | D:7      | Found Cann's Magic Scroll Boutique.
  8178 | D:7      | Found a runed door.
  8180 | D:7      | Found a runed door.
  8227 | D:7      | Reached skill level 10 in Fighting
  8475 | D:8      | Noticed Erolcha
  8525 | D:9      | Reached XP level 10. HP: 39/93 MP: 9/9
  8695 | D:9      | Found a burning altar of Makhleb.
  8701 | D:9      | Became a worshipper of Makhleb the Destroyer
  8701 | D:9      | Acquired Makhleb's first power
  8701 | D:9      | Acquired Makhleb's second power
  9047 | D:9      | Noticed Pikel
  9171 | D:8      | Found a stormy altar of Qazlal.
 10157 | D:9      | Found a glowing golden altar of the Shining One.
 10269 | D:9      | Reached skill level 1 in Invocations
 10330 | D:9      | Found an ancient bone altar of Kikubaaqudgha.
 10561 | D:9      | Noticed Prince Ribbit
 10570 | D:9      | Killed Prince Ribbit
 10663 | D:10     | Entered Level 10 of the Dungeon
 10723 | D:10     | Acquired Makhleb's third power
 10830 | D:10     | Noticed a hill giant
 10899 | D:10     | Found an iron altar of Okawaru.
 10911 | D:10     | Reached skill level 5 in Invocations
 10963 | D:10     | Noticed an unseen horror
 10990 | D:10     | Killed an unseen horror
 11278 | D:10     | Found a staircase to the Lair.
 11465 | Lair:1   | Entered Level 1 of the Lair of Beasts
 11963 | Lair:1   | Reached XP level 11. HP: 88/99 MP: 16/16
 12293 | Lair:1   | Found a sacrificial altar of Ru.
 12601 | Lair:1   | Noticed an eight-headed hydra
 12703 | Lair:1   | Reached skill level 11 in Fighting
 13281 | Lair:2   | Reached skill level 10 in Unarmed Combat
 13308 | Lair:2   | Upgraded the game from 0.17-a0-1324-ga541562 to 0.17-a0-1337-ge651487
 13322 | Lair:2   | Noticed Raurakos's ghost (powerful VSTm)
 13477 | Lair:2   | Noticed a six-headed hydra
 14007 | Lair:2   | Killed Raurakos's ghost
 14131 | Lair:2   | Killed a six-headed hydra
 14448 | Lair:3   | Reached skill level 12 in Unarmed Combat
 14482 | Lair:3   | Noticed Harold
 14515 | Lair:2   | Acquired Makhleb's fourth power
 14676 | Lair:3   | Killed Harold
 15020 | Lair:3   | Got a scorched jade ring
 15065 | Lair:3   | Noticed Sonja
 15083 | Lair:3   | Killed Sonja
 15083 | Lair:3   | Reached XP level 12. HP: 109/109 MP: 17/17
 15192 | Lair:3   | Reached skill level 13 in Unarmed Combat
 15418 | Lair:3   | Noticed Maud
 15478 | Lair:4   | Noticed a four-headed hydra
 15508 | Lair:4   | Killed a four-headed hydra
 15799 | Lair:4   | Identified the ring "Neniurho" {Ice rN+ Dex+4} (You found it on level 3 of the Lair of Beasts)
 16136 | Lair:4   | Noticed a seven-headed hydra
 16182 | Lair:4   | Killed a seven-headed hydra
 16768 | Lair:4   | Reached skill level 10 in Armour
 17003 | Lair:5   | Noticed a six-headed hydra
 17027 | Lair:5   | Noticed a four-headed hydra
 17151 | Lair:5   | Killed a four-headed hydra
 17257 | Lair:5   | Found a staircase to the Swamp.
 17337 | Lair:5   | Reached skill level 10 in Invocations
 17430 | Lair:5   | Acquired Makhleb's fifth power
 17430 | Lair:5   | Reached XP level 13. HP: 104/116 MP: 19/19
 17473 | Lair:5   | Killed a six-headed hydra
 18474 | Lair:5   | Reached skill level 14 in Unarmed Combat
 18883 | Lair:6   | Found a staircase to the Snake Pit.
 19034 | Lair:6   | Learned a level 4 spell: Condensation Shield
 19287 | Lair:7   | Got a glittering tin amulet
 19289 | Lair:7   | Identified the amulet of Suspected Treachery {rCorr Str+4 Stlth+} (You found it on level 7 of the Lair of Beasts)
 19682 | Lair:7   | Reached skill level 15 in Unarmed Combat
 20179 | Lair:7   | Found a staircase to the Slime Pits.
 20469 | Lair:8   | Entered Level 8 of the Lair of Beasts
 20600 | Lair:7   | Reached skill level 16 in Unarmed Combat
 20811 | Lair:7   | Reached XP level 14. HP: 89/124 MP: 21/21
 20860 | Lair:8   | Found a frozen archway.
 21015 | IceCv    | Entered an ice cave
 21277 | IceCv    | Found an ancient bone altar of Kikubaaqudgha.
 22935 | Lair:8   | Identified the Disquisition on Flames (You found it on level 8 of the Lair of Beasts)
 23712 | D:10     | Killed a hill giant
 24088 | D:11     | Found a staircase to the Orcish Mines.
 24570 | D:11     | Found Erogio Kuaj's Distillery.
 26680 | Orc:1    | Entered Level 1 of the Orcish Mines
 27110 | Orc:2    | Found Dulal's Antique Armour Shoppe.
 27139 | Orc:2    | Reached XP level 15. HP: 121/135 MP: 22/22
 27160 | Orc:2    | Bought a pair of runed boots for 135 gold pieces
 27160 | Orc:2    | Bought a heavily runed helmet for 285 gold pieces
 27176 | Orc:2    | Identified the cursed +0 helmet of the Furies {rF+} (You bought it in a shop on level 2 of the Orcish Mines)
 28315 | Orc:4    | Entered Level 4 of the Orcish Mines
 28390 | Orc:4    | Reached skill level 5 in Ice Magic
 28648 | Orc:4    | Found a roughly hewn altar of Beogh.
 30423 | Orc:4    | Found Rymnaroy's General Store.
 30462 | Orc:4    | Found Boenk's Armour Shoppe.
 31121 | Orc:4    | Found a staircase to the Elven Halls.
 31222 | Orc:4    | Reached skill level 17 in Unarmed Combat
 31631 | Orc:4    | quik: gogo makhlebite!
 31663 | Orc:4    | wotan: mira qu esta vez queria ir con el otro!
 31663 | Orc:4    | wotan: pero no me salio el templo
 31663 | Orc:4    | wotan: bueno, mas tarde se ve que si xD
 31702 | Orc:4    | quik: jajaja
 31712 | Orc:4    | quik: el otro era yred?
 31874 | Orc:4    | wotan: si
 31886 | Orc:4    | quik: cool
 32218 | Orc:4    | Found Vaicaxzot's Food Shoppe.
 32240 | Orc:4    | Found a roughly hewn altar of Beogh.
 32413 | Orc:4    | Found Xozxetycw's Magic Scroll Emporium.
 32824 | D:12     | quik: ayer aprendi que un item de armadura con un -1 es worth it!
 32839 | D:12     | wotan: how come!
 32907 | D:13     | quik: oh!
 32907 | D:13     | quik: pense que lo entendia
 32907 | D:13     | quik: pero no tiene sentido
 32907 | D:13     | quik: xD
 32950 | D:13     | quik: el tema es que como la habilidad de armor multiplica todo el AC de los items, por ahi cundia
 33009 | D:13     | quik: porque ese -1 se convertia en 0.*
 33056 | D:13     | quik: pero ahora pienso que si una cloak normal te da +1 y ese -1 se resta a ese +1, queda 0 y da igual que lo multipliques
 33062 | D:13     | quik: pero habria que ver la actual formula
 33062 | D:13     | quik: xD
 33072 | D:13     | Noticed Josephine
 33083 | D:13     | Killed Josephine
 33115 | D:13     | Reached skill level 18 in Unarmed Combat
 33138 | D:13     | Found a gate to the Vaults.
 33170 | D:13     | wotan: potion of experience!
 33170 | D:13     | wotan: en la vida xD
 33170 | D:13     | quik: it rocks!
 33170 | D:13     | quik: es experiencia gratis
 33170 | D:13     | quik: xD
 33170 | D:13     | quik: yo pondria dodging, por que lo tienes tan bajo?
 33170 | D:13     | Reached XP level 16. HP: 95/143 MP: 23/23
 33189 | D:13     | quik: ves tu barra de vida?
 33194 | D:13     | quik: yo no la veo
 33195 | D:13     | quik: es el mismo bug que me pasa a mi?
 33269 | D:13     | quik: pedro
 33284 | D:13     | quik: la vida
 33284 | D:13     | quik: xD
 33284 | D:13     | wotan: ah, yo la veo xD
 33284 | D:13     | quik: la de debajo del personaje?
 33312 | D:13     | wotan: yes
 33337 | D:13     | quik: fuck
 33501 | D:13     | wotan: estoy desnudo!
 33501 | D:13     | quik: XD y eso?
 33508 | D:13     | wotan: ah, la habia tirado sin querer xDD
 33508 | D:13     | quik: lol
 33540 | D:13     | Reached XP level 17. HP: 142/149 MP: 24/24
 33659 | D:13     | Noticed Nessos
 33673 | D:13     | Reached skill level 5 in Dodging
 33696 | D:13     | Killed Nessos
 33813 | D:13     | wotan: pues ale, por ahora ya llego xD
 33813 | D:13     | quik: XD
 33813 | D:13     | quik: nice
 33813 | D:13     | wotan: lo del dodge me quede con la musica de que era mejor ac y o ignoré xDD
 33813 | D:13     | quik: ah!
 33813 | D:13     | quik: xD
 33813 | D:13     | quik: cuando usas armadura pesada es mejor priorizar armadura para que no afecte a tus ataques y a tus hechizos
 33813 | D:13     | quik: y para sacar mas AC
 33813 | D:13     | quik: pero priorizar, no 100%ar
 33813 | D:13     | quik: xD
 33813 | D:13     | wotan: xD
 33813 | D:13     | quik: con 18 de destreza puedes sacar buenos puntitos de EV entrenando dodging
 33813 | D:13     | wotan: me pregunto si me vale la pena ese escudo
 33813 | D:13     | wotan: aunque me da cosas qeu ya tengo, me da la destreza
 33813 | D:13     | wotan: y un poco mas de AC
 33813 | D:13     | wotan: pero no tengo shield entrenado xD
 33813 | D:13     | quik: creo que con que entrenes 5 de escudos (muy barato) ya puedes poner un buckler sin penalizacion
 33813 | D:13     | wotan: aunque al ser buckler deberia costar poco
 33813 | D:13     | quik: AC no da, da SH
 33813 | D:13     | quik: yo lo pondria
 33813 | D:13     | wotan: el +2 no se refiere a AC?
 33893 | Orc:1    | quik: creo que no
 33943 | Orc:4    | quik: los encantamientos creo que se refieren segun el item
 33943 | Orc:4    | quik: y esa plate armour no es buena tb?
 33943 | Orc:4    | Bought the +2 buckler of Jeecrak {rPois rN+ Dex+2} for 443 gold pieces
 33943 | Orc:4    | wotan: me pone tonto, pero por lo demas parece que esta bien, por la rElec sobre todo
 33943 | Orc:4    | quik: jajaja
 33948 | Orc:4    | quik: si, yo la usaria y pondria un par de puntos o 3 en int al levear
 33948 | Orc:4    | Bought the +1 plate armour "Vaurriu" {+Fly rElec Int-2} for 518 gold pieces
 33949 | Orc:4    | quik: y me da la sensacion de que tienes mucho oro
 33950 | Orc:4    | quik: no habra mas cosas worth it en las tiendas?
 33950 | Orc:4    | wotan: es posible
 33960 | Orc:4    | quik: la lista de la compra es comoda de usar
 33960 | Orc:4    | quik: shift+letra
 33961 | Orc:4    | quik: cloak of invis si no tienes otro medio de invis es util
 33961 | Orc:4    | quik: y segun que otra cloak tengas
 33961 | Orc:4    | wotan: tengo una de MR
 33961 | Orc:4    | quik: ok then
 33961 | Orc:4    | quik: los pergaminos de enchant armour, identify, silence, teleport pueden ser utiles
 33961 | Orc:4    | wotan: pero creo que no tengo como hacerme invisible
 33961 | Orc:4    | quik: segun cuantos tengas
 33961 | Orc:4    | quik: mmm mejor magic resistance, yo creo
 33961 | Orc:4    | quik: la scorched ring mail tambien es worth mirarla
 33961 | Orc:4    | quik: potion of resistance, interesante
 33961 | Orc:4    | quik: magic mapping
 33961 | Orc:4    | quik: fog
 33961 | Orc:4    | quik: eso ya dependiendo de lo que tengas, claro
 33961 | Orc:4    | quik: si ya tienes muchos pues no hacen falta
 34020 | Orc:4    | quik: potion of agility tb
 34020 | Orc:4    | Bought a scroll of identify for 24 gold pieces
 34020 | Orc:4    | Bought 2 scrolls of teleportation for 72 gold pieces
 34020 | Orc:4    | Bought a scroll of identify for 24 gold pieces
 34020 | Orc:4    | Bought a scroll of teleportation for 36 gold pieces
 34020 | Orc:4    | Bought a scroll of enchant armour for 90 gold pieces
 34020 | Orc:4    | Bought a scroll of silence for 90 gold pieces
 34020 | Orc:4    | Bought a scroll of teleportation for 36 gold pieces
 34111 | Orc:2    | quik: yo te recomiendo que cada vez que visites una tienda metas en la lista de la compra todo lo potencialmente util
 34111 | Orc:2    | quik: asi despues le das a $ y ya ves lo que hay disponible
 34111 | Orc:2    | quik: comodamente
 34111 | Orc:2    | Bought a scorched ring mail for 270 gold pieces
 34121 | Orc:2    | Identified the +7 ring mail "Gocuteh" {rElec rPois rF- Stlth+} (You bought it in a shop on level 2 of the Orcish Mines)
 34121 | Orc:2    | wotan: ok
 34121 | Orc:2    | wotan: no me acordaba bien como era eso
 34121 | Orc:2    | quik: nais!
 34121 | Orc:2    | wotan: pero bueno, yo usaba la tactica de buscar por gold xD
 34121 | Orc:2    | quik: ah, eso esta bien
 34121 | Orc:2    | quik: tambien puedes buscar por shop
 34121 | Orc:2    | wotan: mira que armadura!
 34121 | Orc:2    | quik: una pena el rF-
 34121 | Orc:2    | quik: en el futuro es una posibilidad a tener en cuenta
 34121 | Orc:2    | quik: cuando tengas rF de sobra
 34121 | Orc:2    | quik: y puedas permitirte un rF-
 34222 | D:11     | Bought a potion of resistance for 120 gold pieces
 34311 | Orc:4    | Bought a potion of agility for 48 gold pieces
 34503 | D:14     | Found a flagged portal.
 34519 | D:14     | wotan: a flagged portal!
 34519 | D:14     | quik: eso es un bailey, no?
 34521 | D:14     | quik: deja algo de sitio en el inventario
 34521 | D:14     | quik: si lo tienes lleno
 34524 | D:14     | quik: wand of flame useless
 34525 | D:14     | quik: frost tb
 34525 | D:14     | quik: a estas alturas, al menos
 34527 | D:14     | quik: luego de confusion paralysis slowing etc con que dejes una llega
 34527 | D:14     | quik: o incluso ninguna ahora que tienes todas las otras
 34527 | D:14     | quik: los libros los puedes tirar todos
 34527 | D:14     | quik: disintegration es util para hacer killholes
 34527 | D:14     | quik: los manuales of ice magic tambien
 34527 | D:14     | wotan: pero tengo dos
 34527 | D:14     | quik: nice
 34527 | D:14     | quik: o vas a subir ice magic?
 34527 | D:14     | wotan: tengo un hechizo xD
 34527 | D:14     | wotan: si llevo una armadura mas ligera puedo lanzarlo, pero no se si es muy alla
 34534 | D:14     | quik: XD con 7 de int no se yo si sera muy viable
 34535 | D:14     | quik: yo pasaria de hechizos
 34537 | D:14     | quik: ya lo hemos intentado una vez mistakenly
 34537 | D:14     | quik: xD
 34538 | Bailey   | Entered a bailey
 34539 | Bailey   | quik: cuanto sitio libre tienes entonces?
 34539 | Bailey   | wotan: 38/52
 34539 | Bailey   | wotan: espero que llegue!
 34539 | Bailey   | wotan: xD
 34539 | Bailey   | quik: si, llega
 34548 | Bailey   | quik: pero ahora me temo que hay cosas utiles que has dejado atras
 34556 | Bailey   | quik: a estas alturas de partida es raro tener tanto sitio libre xD
 34556 | Bailey   | wotan: xD
 34556 | Bailey   | wotan: pues no se
 34563 | Bailey   | wotan: me encanta el pasotismo d esta gente
 34563 | Bailey   | quik: XDD
 34567 | Bailey   | quik: si no con flight puedes ir a melee, si no te hacen mucho daño con las ballestas
 34567 | Bailey   | quik: y con cuidado de no ahogarse XDD
 34586 | Bailey   | quik: y estas disparando con '.'?
 34586 | Bailey   | quik: si no vas a perder needles en el agua de detras
 34586 | Bailey   | wotan: ah, no :?
 34711 | Bailey   | Reached skill level 1 in Shields
 34858 | D:14     | quik: que evocables llevas?
 34858 | D:14     | quik: igual por ahi no has cogido alguno
 34859 | D:14     | wotan: que es eso?
 34859 | D:14     | quik: V
 34859 | D:14     | quik: ok, ninguno
 34859 | D:14     | quik: busca misc ahora
 34859 | D:14     | quik: lam of fire, phantom mirror
 34859 | D:14     | quik: very powerful
 34859 | D:14     | quik: *lamp
 34859 | D:14     | wotan: ahm
 34859 | D:14     | quik: la lamp of fire es un rayo de fuego y saca elementales tb
 34859 | D:14     | quik: y el phantom mirror hace una copia de un bicho
 34859 | D:14     | quik: copia aliada tuya
 34859 | D:14     | wotan: los cojo todos entonces?
 34859 | D:14     | quik: los de comprar es debatible
 34859 | D:14     | quik: los gratis si
 34859 | D:14     | quik: la lamp of fire es reutilizable, cuando la usas se queda inerte y se recarga sola al cabo de un tiempo. EL phantom mirror es de un solo uso
 34859 | D:14     | wotan: ah ok
 34859 | D:14     | quik: y la legendary deck of destruction seguramente sea util tb, pero yo no se utilizar decks aun
 34949 | D:11     | wotan: pero aprendemos!
 34996 | D:10     | quik: oeoeoe
 35043 | Lair:2   | quik: la idea es usar scrolls of id para identificar la carta que va a salir
 35043 | Lair:2   | quik: o algo asi
 35043 | Lair:2   | quik: xD
 35080 | Lair:3   | wotan: ah, tenia al colega este esperando
 35080 | Lair:3   | wotan: y a unos cuantos mas, ahora que recuerdo
 35095 | Lair:3   | Killed Maud
 35097 | Lair:3   | quik: XDD
 35152 | Lair:6   | quik: optimamente, los que dejas atras es conveniente volver soon a por ellos
 35178 | Lair:6   | quik: si tardas mucho ya no te dan nada de exp
 35178 | Lair:6   | quik: pero yo es algo que me suelo olvidar de hacer
 35178 | Lair:6   | wotan: dejan de dartela?
 35178 | Lair:6   | quik: cuanto mas facil es el bicho menos exp da
 35178 | Lair:6   | wotan: ah, esto es progresivo
 35178 | Lair:6   | quik: bueno, no se exactamente como va el tema, pero la idea super basica es esa
 35178 | Lair:6   | quik: xD
 35178 | Lair:6   | quik: es mas complejo que eso
 35452 | D:9      | Killed Pikel
 35584 | D:8      | Killed Erolcha
 35620 | D:7      | quik: el phantom mirror cunde contra uniques
 35910 | D:4      | Killed nuthulu's ghost
 35914 | D:4      | wotan: ahm
 36082 | D:6      | wotan: me estoy mimetizando con elghoul, es ver un orco y pensar en carne fresca
 36236 | Orc:4    | quik: jajajaj
 36236 | Orc:4    | Bought a legendary deck of destruction for 312 gold pieces
 36236 | Orc:4    | quik: caray, cuantos manuales, es una pena que ninguno te sirva xD
 36236 | Orc:4    | wotan: xD
 36319 | D:15     | Entered Level 15 of the Dungeon
 37125 | D:14     | Found a glowing golden altar of the Shining One.
 37186 | D:15     | Reached skill level 5 in Shields
 37508 | D:15     | wotan: next card, the storm!
 37563 | D:15     | quik: oeoeoe
 37584 | D:15     | quik: ahora hay que saber que hace esa carta
 37584 | D:15     | quik: xD
 37591 | D:15     | wotan: xD
 37591 | D:15     | wotan: espero que algo bueno
 37591 | D:15     | wotan: bueno, este tipo parece muy mazas
 37610 | D:15     | quik: The Storm card produces some combination of rain (shallow water), swiftness and a short lived tornado (at high power). Power 0: gives a low tier effect Power 1: gives low tier effect with a chance of a high one Power 2: gives both low and high tier effects
 37664 | D:15     | Reached skill level 19 in Unarmed Combat
 37666 | D:15     | quik: mejor esto
 37666 | D:15     | quik: storm card[1/1]: On a coinflip either summons a twister and several air elementals; or summons a few air elementals, pushes monsters away like a fan of gales, and places storm clouds that do electricity damage.
 37691 | D:15     | quik: pue esta muy bien
 37864 | D:15     | wotan: pues si
 37864 | D:15     | wotan: pues ahora daufine!
 37864 | D:15     | quik: eoeoe
 37866 | D:15     | quik: si encuentras una retransmision en no gabacho avisa
 37866 | D:15     | quik: xD
 37871 | D:15     | quik: sack of spiders, summonea arañas, util tambien
 37875 | D:15     | quik: esa estatua creo que tiene muchas resistencias elementales
 37909 | D:15     | quik: la proxima vez ponte un ring of sustain attributes
 37909 | D:15     | wotan: pues a galletazos
 37909 | D:15     | wotan: ah ok
 37909 | D:15     | quik: si te baja a 0 el int tienes un problemon
 37914 | D:15     | quik: porque te paraliza, creo
 37968 | D:15     | quik: ring of wizardry puedes tirarlo
 37970 | D:15     | Identified the Collected Works on Heat (You found it on level 15 of the Dungeon)
 37971 | D:15     | quik: enslavement
 37977 | D:15     | quik: slowing x2
 38094 | D:15     | Found a staircase to the Depths.
 38216 | D:15     | wotan: nah, este lo gano!
 38216 | D:15     | wotan: este lo gano!
 38216 | D:15     | quik: oeoeoe
 38216 | D:15     | quik: es solo cuestion de ser hipercuidadoso
 38216 | D:15     | quik: solo te puede matar tu stupidity
 38216 | D:15     | quik: como se suele decir en el mundillo
 38216 | D:15     | quik: xD
 38216 | D:15     | wotan: xD
 38216 | D:15     | wotan: i know
 38216 | D:15     | wotan: que responsabilidad
 38216 | D:15     | quik: XDD
 38216 | D:15     | quik: y yo voy a conseguir mi 3-steak!
 38216 | D:15     | quik: con el DSWn que encontro un scroll of blinking con 1 de vida
 38216 | D:15     | quik: oeoeoe
 38216 | D:15     | quik: xD
 38216 | D:15     | wotan: xD
 38216 | D:15     | wotan: bien!
 38216 | D:15     | wotan: bueno, voy a cerrar aqui
 38216 | D:15     | quik: esta vez si?
 38216 | D:15     | wotan: ahroa supongo que me toca swamp
 38216 | D:15     | quik: es la tercera ya
 38216 | D:15     | quik: hahahah
 38216 | D:15     | quik: ahahhahaha
 38216 | D:15     | wotan: si, esta si xDDD
 38216 | D:15     | quik: bien!
 38511 | Swamp:1  | Entered Level 1 of the Swamp
 39122 | Swamp:2  | Noticed Baka's ghost (mighty HOFi)
 39201 | Swamp:2  | Killed Baka's ghost
 39225 | Swamp:2  | Reached skill level 5 in Stealth
 39733 | Swamp:2  | Noticed 4thArraOfDagon's ghost (mighty MiGl)
 39813 | Swamp:2  | Killed 4thArraOfDagon's ghost
 40063 | Swamp:2  | Reached skill level 20 in Unarmed Combat
 40094 | Swamp:2  | Reached XP level 18. HP: 157/157 MP: 25/25
 41095 | Swamp:4  | Entered Level 4 of the Swamp
 41112 | Swamp:3  | Reached skill level 1 in Evocations
 41247 | Swamp:4  | Noticed Roxanne
 41365 | Swamp:4  | Noticed Donald
 41381 | Swamp:4  | Killed Donald
 41381 | Swamp:4  | Reached skill level 5 in Evocations
 41838 | Swamp:4  | Noticed the 27-headed Lernaean hydra
 42516 | Snake:1  | Entered Level 1 of the Snake Pit
 44054 | Snake:2  | Reached skill level 10 in Evocations
 44054 | Snake:2  | Reached XP level 19. HP: 156/163 MP: 26/26
 44106 | Snake:2  | Upgraded the game from 0.17-a0-1337-ge651487 to 0.17-a0-1360-g37db002
 44646 | Snake:2  | Got a smoking leather armour
 44657 | Snake:2  | Identified the +2 leather armour of Hadjma {MR+ rCorr SInv Stlth+} (You found it on level 2 of the Snake Pit)
 44925 | Snake:2  | Reached skill level 21 in Unarmed Combat
 46183 | Snake:3  | Found a deep blue altar of Sif Muna.
 46461 | Snake:4  | Entered Level 4 of the Snake Pit
 46943 | Snake:4  | Reached skill level 22 in Unarmed Combat
 47383 | Snake:4  | Noticed Wiglaf
 47417 | Snake:4  | Killed Wiglaf
 48976 | Snake:4  | Reached skill level 23 in Unarmed Combat
 49034 | Snake:4  | Reached XP level 20. HP: 171/171 MP: 27/27
 49233 | Snake:4  | Got a serpentine rune of Zot
 49430 | Snake:3  | quik: hola!
 49439 | Snake:3  | wotan: hey!
 49774 | Vaults:1 | Entered Level 1 of the Vaults
 49788 | Vaults:1 | quik: que tal vas de MR?
 49791 | Vaults:1 | quik: perfecto
 49791 | Vaults:1 | wotan: 3/5!
 49791 | Vaults:1 | quik: no deberian caerte apenas marcas
 49791 | Vaults:1 | wotan: y puedo tener mas si me pongo otra armadura xD
 49791 | Vaults:1 | quik: igual una esporadica
 49791 | Vaults:1 | quik: pienso que vas bien asi
 49791 | Vaults:1 | wotan: que es eso de Mark?
 49791 | Vaults:1 | quik: tienes un buen pj
 49791 | Vaults:1 | quik: es lo que ponen los sentinels
 49796 | Vaults:1 | quik: que toda la mazmorra sabe donde estas
 49796 | Vaults:1 | quik: sabes?
 49796 | Vaults:1 | wotan: ahh
 49796 | Vaults:1 | wotan: vale, algo intuia que tenia que ser algo asi
 49796 | Vaults:1 | wotan: porqu cuando estaba Marked era una fiesta!
 49842 | Vaults:1 | quik: jajaja
 49922 | Vaults:1 | quik: aqui las principales preocupaciones son eso y los convokers
 49938 | Vaults:1 | quik: que sumonean muchos bichos cuando se ponen a hacer el chant of recall
 49938 | Vaults:1 | quik: xD
 50131 | Vaults:1 | wotan: ah ok
 50131 | Vaults:1 | wotan: pues a por ellos!
 50138 | Vaults:1 | quik: XD
 50170 | Vaults:1 | quik: tienes que hacerles tratamiento caster
 50174 | Vaults:1 | quik: no debes pasar 20 turnos en su LOS
 50175 | Vaults:1 | quik: y ahora ojito
 50175 | Vaults:1 | quik: tienes potion of cancellation?
 50175 | Vaults:1 | wotan: yes
 50175 | Vaults:1 | quik: yo la tomaria, porque no tienes camino a la salida
 50175 | Vaults:1 | quik: para poder ir hacia alli
 50176 | Vaults:1 | wotan: voy hacia el sureste?
 50178 | Vaults:1 | quik: explorar zonas nuevas cuando tienes bichos peleando contigo no suele ser buena idea
 50178 | Vaults:1 | quik: porque pueden aparecer mas
 50179 | Vaults:1 | quik: como acaba de pasar
 50179 | Vaults:1 | wotan: pues para arriba iba hacia ellos!
 50179 | Vaults:1 | wotan: xD
 50179 | Vaults:1 | quik: creo que estamos ya en un momento teleport
 50179 | Vaults:1 | wotan: tenia que haber tirado hacia ellos?
 50179 | Vaults:1 | quik: el error creo que esta en el primer momento que ves al primer sentinel
 50180 | Vaults:1 | quik: que te vas hacia abajo
 50182 | Vaults:1 | quik: deberias haberte ido hacia arriba
 50184 | Vaults:1 | quik: siempre procurando tener una via libre hacia la salida
 50195 | Vaults:1 | quik: que es donde escapas si algo se tuerce
 50204 | Vaults:1 | wotan: ah ok
 50204 | Vaults:1 | quik: en el momento que te vas hacia abajo, dejas que los bichos se pongan entre ti y la salida y se empieza a complicar
 50204 | Vaults:1 | wotan: ya, pues i
 50204 | Vaults:1 | wotan: si
 50241 | Vaults:1 | quik: otro posible consejo es explorar las zonas abiertas de ultimas
 50257 | Vaults:1 | quik: y pegado al borde, a poder ser
 50286 | Vaults:1 | wotan: ahm
 50286 | Vaults:1 | wotan: pero entonces ya nada de o!
 50310 | Vaults:1 | quik: y luego en esto del juego optimo hay que encontrar un equilibrio entre la optimality y la diversion
 50311 | Vaults:1 | quik: la o no es optima, no
 50312 | Vaults:1 | quik: eso lo aprendi hace poco xD
 50327 | Vaults:1 | quik: lo optimo es shift+direccion o tener el rc configurado para que cuando aparezca un bicho te salte un more
 50621 | Vaults:1 | Reached skill level 24 in Unarmed Combat
 51086 | Vaults:1 | quik: ves, por ejemplo ahi
 51091 | Vaults:1 | quik: si detras de esos ogros llega a haber venido un unique super dangerous estarias en trouble
 51092 | Vaults:1 | quik: ah, no
 51094 | Vaults:1 | quik: tienes una puerta a tu derecha
 51097 | Vaults:1 | quik: well done
 51097 | Vaults:1 | quik: xD
 51102 | Vaults:1 | wotan: xD
 52411 | Vaults:2 | Noticed Frederick
 52413 | Vaults:2 | wotan: frederik the flawless!
 52413 | Vaults:2 | wotan: si no tiene flaws no voy a poder matarlo!
 52413 | Vaults:2 | quik: el spellforged servitor es un summon potente
 52413 | Vaults:2 | quik: a este yo creo que lo puedes matar 1v1 con bufos
 52413 | Vaults:2 | quik: pero escapar tb es una opcion
 52413 | Vaults:2 | quik: solo tienes una de haste
 52413 | Vaults:2 | quik: tampoco es que estes muy boyante
 52413 | Vaults:2 | quik: aunque para escapar estas otra vez mal colocado xD
 52413 | Vaults:2 | wotan: xD
 52413 | Vaults:2 | quik: bueno, puedes ir por el sur
 52413 | Vaults:2 | quik: lo que pasa que es caster
 52413 | Vaults:2 | quik: no se, no se muy bien cual es el optimo aqui
 52413 | Vaults:2 | wotan: un ac asi como entrante? xD
 52413 | Vaults:2 | quik: un que?
 52413 | Vaults:2 | wotan: es curioso, porque salio por donde vine
 52413 | Vaults:2 | quik: ahm
 52413 | Vaults:2 | quik: entonces son cosas que pasan
 52413 | Vaults:2 | quik: xD
 52413 | Vaults:2 | quik: tienes silence?
 52413 | Vaults:2 | quik: ?silence
 52413 | Vaults:2 | quik: y cold resistance?
 52413 | Vaults:2 | wotan: cold yes
 52413 | Vaults:2 | quik: vale, no vi si tenias silence
 52413 | Vaults:2 | quik: vale, perfecto
 52413 | Vaults:2 | wotan: 3
 52413 | Vaults:2 | quik: dejame comprobar una cosa
 52413 | Vaults:2 | wotan: ac me refiero a major destruction
 52413 | Vaults:2 | wotan: o traer un ad
 52413 | Vaults:2 | quik: ahh
 52413 | Vaults:2 | quik: yo creo que el rango del silencio ya le afecta
 52413 | Vaults:2 | quik: entonces si lees silence ahora lo matas sin bufos ni nada
 52413 | Vaults:2 | quik: y tienes 3, me parece un buen gasto
 52413 | Vaults:2 | wotan: ok
 52414 | Vaults:2 | quik: perfecto
 52414 | Vaults:2 | wotan: that's right!
 52414 | Vaults:2 | quik: ahora es un pussover
 52414 | Vaults:2 | quik: xD
 52414 | Vaults:2 | wotan: xD
 52414 | Vaults:2 | wotan: y me afecta para invocar a makhleb?
 52414 | Vaults:2 | quik: si, pero no hace falta
 52414 | Vaults:2 | quik: ahora pegale
 52414 | Vaults:2 | quik: es un caster, no hace mucha pupa
 52424 | Vaults:2 | Killed Frederick
 52425 | Vaults:2 | quik: bueno, dije que si, pero no lo se
 52425 | Vaults:2 | wotan: que maravilla
 52425 | Vaults:2 | quik: prueba a ver si puedes invocar una minor destruction
 52425 | Vaults:2 | quik: silenciado
 52425 | Vaults:2 | wotan: no, parece que no puedo
 52425 | Vaults:2 | quik: asi aprendemos
 52425 | Vaults:2 | quik: ah ok
 52425 | Vaults:2 | quik: perfect
 52426 | Vaults:2 | quik: pues tuve suerte con el rango
 52427 | Vaults:2 | quik: porque pense que era uno mas
 52428 | Vaults:2 | quik: pero bueno, el anduvo hacia ti
 52428 | Vaults:2 | quik: entonces bien valio
 52428 | Vaults:2 | wotan: se ve que queria pegarme
 52428 | Vaults:2 | quik: jaja
 52573 | Vaults:2 | Reached XP level 21. HP: 177/177 MP: 29/29
 52832 | Vaults:2 | wotan: supongo quel as de brilliance tambien puedo tirarlas, no?
 52832 | Vaults:2 | quik: si
 52902 | Vaults:2 | Found Muovaph's Distillery.
 52910 | Vaults:2 | Bought a potion of resistance for 160 gold pieces
 52910 | Vaults:2 | Bought a potion of curing for 48 gold pieces
 52910 | Vaults:2 | Bought a potion of haste for 160 gold pieces
 52910 | Vaults:2 | Bought a potion of might for 64 gold pieces
 52910 | Vaults:2 | Bought a potion of curing for 48 gold pieces
 52910 | Vaults:2 | Bought a potion of curing for 48 gold pieces
 53547 | Vaults:3 | Found a staircase to the Crypt.
 54259 | Vaults:3 | quik: mmm
 54271 | Vaults:3 | quik: el ogre mage te puede banishear, miraste si tienes un 0% de probabilidades?
 54277 | Vaults:3 | wotan: mm, no
 54277 | Vaults:3 | wotan: banishear que es?
 54277 | Vaults:3 | quik: chequea en el proximo
 54277 | Vaults:3 | quik: mandarte al abyss
 54277 | Vaults:3 | wotan: ahh
 54277 | Vaults:3 | wotan: ok
 54813 | Vaults:3 | Reached skill level 15 in Armour
 55050 | Vaults:3 | wotan: pues me toca vaults 4!
 55050 | Vaults:3 | quik: ole!
 55050 | Vaults:3 | wotan: ah no, que es el 5 el pericoloso
 55073 | Vaults:3 | quik: yo en vaults 4 siempre estoy paranoico de no bajar al 5 en piloto automatico
 55073 | Vaults:3 | quik: xD
 55091 | Vaults:3 | wotan: xD
 55091 | Vaults:3 | wotan: ese es el del recibimiento sorpresa, no
 55091 | Vaults:3 | wotan: ?
 55093 | Vaults:4 | quik: si
 55093 | Vaults:4 | quik: nasty shit
 55093 | Vaults:4 | quik: y ahora que no hay teleport control mas
 55093 | Vaults:4 | quik: xD
 55182 | Vaults:4 | wotan: tiene banishment
 55182 | Vaults:4 | quik: 0%
 55182 | Vaults:4 | quik: vale, you're good
 55182 | Vaults:4 | wotan: 0%!
 55182 | Vaults:4 | wotan: es que tengo una mirada...
 55182 | Vaults:4 | quik: XDDD
 55236 | Vaults:4 | quik: XDD que bien te vienen las curas de makhleb
 55236 | Vaults:4 | wotan: xD
 55236 | Vaults:4 | wotan: si, es quite convenient
 55236 | Vaults:4 | quik: te iba a gustar mi demonspawn, que tenia una mutacion que te cura cuando matas
 55236 | Vaults:4 | quik: xD
 55286 | Vaults:4 | quik: buf, ice cave
 55286 | Vaults:4 | quik: ya perdi a 3 personajes ahi xD
 55286 | Vaults:4 | quik: creo que me toco el layout mas facil con diferencia
 55286 | Vaults:4 | quik: oeoeoe
 55286 | Vaults:4 | wotan: ah bien xD
 56398 | Vaults:3 | Reached skill level 25 in Unarmed Combat
 56937 | Vaults:3 | Reached XP level 22. HP: 140/189 MP: 31/31
 58112 | Depths:1 | Entered Level 1 of the Depths
 58113 | Depths:1 | Upgraded the game from 0.17-a0-1360-g37db002 to 0.17-a0-1368-g6ab37f2
 58236 | Depths:1 | Reached skill level 26 in Unarmed Combat
 58280 | Depths:1 | Found a gateway to Hell.
 58489 | Depths:1 | Found a magical portal.
 58617 | WizLab   | Entered Iskenderun's Mystic Tower
 60806 | WizLab   | Identified Iskenderun's Compendium of Igneous Battle Magic
 60806 | WizLab   | Identified Iskenderun's Compendium of Flying Battle Magic
 60870 | WizLab   | Learned a level 2 spell: Throw Frost
 61063 | Depths:1 | Reached skill level 15 in Fighting
 61394 | Depths:1 | Identified Sif Muna's Disquisition on the Frostbite (You found it on level 1 of the Depths)
 61397 | Depths:1 | Learned a level 1 spell: Freeze
 61537 | Depths:1 | Reached skill level 1 in Conjurations
 62026 | Depths:1 | Got a crude pewter ring
 62028 | Depths:1 | Identified the ring "Vobi" {Fire rPois MR+} (You found it on level 1 of the Depths)
 62041 | Depths:1 | Identified the Reference Book on Poisonous Changing (You found it on level 1 of the Depths)
 62090 | Depths:1 | Learned a level 3 spell: Ozocubu's Armour
 62517 | Depths:1 | Learned a level 5 spell: Metabolic Englaciation
 62644 | Depths:2 | Reached skill level 1 in Hexes
 62704 | Depths:2 | Reached XP level 23. HP: 202/202 MP: 32/32
 62875 | Depths:2 | Found a one-way gate to the infinite horrors of the Abyss.
 63059 | Depths:2 | Noticed Margery
 63313 | Depths:2 | Killed Margery
 63313 | Depths:2 | Reached skill level 5 in Hexes
 63447 | Depths:2 | Noticed a caustic shrike
 63459 | Depths:2 | Killed a caustic shrike
 64047 | Depths:2 | Got a faintly glowing crystal amulet
 64049 | Depths:2 | Identified the amulet "Kereet" {Spirit rN+} (You took it off an ogre mage on level 2 of the Depths)
 65465 | Depths:3 | Found a snail-covered altar of Cheibriados.
 66295 | Depths:3 | Identified a scroll of acquirement
 66569 | Depths:3 | Found a basalt altar of Yredelemnul.
 66571 | Depths:3 | Found a one-way gate leading to the halls of Pandemonium.
 66637 | Depths:3 | Reached XP level 24. HP: 209/209 MP: 32/32
 66794 | Depths:3 | Found an iron altar of Okawaru.
 66794 | Depths:3 | Found a gateway to a ziggurat.
 67664 | Depths:3 | Found a sparkling altar of Nemelex Xobeh.
 70030 | Depths:5 | Entered Level 5 of the Depths
 70221 | Depths:5 | Noticed Mennas
 71009 | Depths:5 | Noticed Xtahua
 71023 | Depths:5 | Killed Xtahua
 71594 | Lair:1   | Killed an eight-headed hydra
 71835 | Swamp:4  | HP: 9/213 [the 27-headed Lernaean hydra (7)]
 71835 | Swamp:4  | Demolished by a giant leech

Vault maps used:
D:1:      elethiomel_arrival_maze, patterned_corridor
D:2:      lemuel_upstairs_altar, first_bread, grunt_ministairs_8
D:3:      kennysheep_generic_room_4, uniq_terence, uniq_crazy_yiuf_cottage
D:4:      overflow_temple_1_default, led_sif_book
D:5:      old_standard_altar, minmay_temple_entry_nine_rooms,
          kennysheep_another_room
D:6:      fedhas_altar_1, yredelemnul_forgotten_temple_becter, basic_altar,
          serial_shops, shop, minivault_24, hangedman_decor_push
D:7:      lemuel_insect_pit, nemelex_deck, serial_shops, kennysheep_little_box,
          st_stairs_6
D:8:      kennysheep_mini_moat, uniq_erolcha
D:9:      lemuel_round_altar, lemuel_mausoleum_altar_kikubaaqudgha,
          makhleb_heckhound_becter, uniq_prince_ribbit1, uniq_pikel
D:10:     basic_altar
D:11:     orc_0_dummy, serial_shops, nicolae_shop_behind_doors, grunt_livestock
D:12:     dragon1_lemuel, worms_lemuel
D:13:     lightli_vaults_fourway_checkpoint, minmay_misc_feat_cross,
          uniq_nessos, uniq_josephine
D:14:     nicolae_tso_swordbearing_angel, enter_bailey_3
D:15:     grunt_enter_depths_hoard, minmay_protected_statue
Temple:   jpeg_temple_clearing_9
Lair:1:   basic_altar, infiniplex_staircase_pool
Lair:3:   kennysheep_abandoned_house, lemuel_fruit_tree, grunt_megastairs_2,
          uniq_maud, uniq_harold, uniq_sonja
Lair:5:   minmay_swamp_entry_swarm, serial_bayou_shore_a, grunt_megastairs_3
Lair:6:   guppyfry_snake_entry_garden
Lair:7:   minmay_slime_entry_oklob_enclosed, grunt_megastairs_4,
          lemuel_fruit_fields
Lair:8:   minmay_lair_end_frog_pond, portal_ice_cave_entry_ice_beasts
Swamp:1:  evilmike_swamp_ruin_house_2, infiniplex_staircase_pool_2
Swamp:2:  cheibrodos_swamp_tower_of_moss, serial_swamp_ruin,
          evilmike_swamp_ruin_wall, evilmike_swamp_ruin_house_1,
          hangedman_swamp_ruin_wall
Swamp:3:  evilmike_swamp_ruin_rubble_2, swamp_pool3
Swamp:4:  swamp_vile, uniq_donald, uniq_roxanne
Snake:1:  hangedman_cross_stitches, st_stairs_6, serial_bayou_lagoon_a
Snake:2:  dpeg_oklob_gauntlet
Snake:3:  basic_altar, hangedman_snake_pattern
Snake:4:  snake_pit_salamanders_mu, hangedman_venom_bottle, uniq_wiglaf
Orc:2:    serial_shops, nicolae_shop_overgrown_old_shop
Orc:3:    special_room, nicolae_orc_pool_cavern
Orc:4:    pubby_orc_utopia
Vaults:1: v_misc_31, vaults_mumra_hex, hangedman_vaults_cutoff,
          hangedman_vaults_trim, v_alt_pattern_4, ontoclasm_vaults_chip,
          vaults_room_hangedman_quadrants, nicolae_vaults_little_squares_4,
          v_alt_pattern_1, v_pattern_2, vaults_room_hallway
Vaults:2: hangedman_vaults_snaps, ontoclasm_vaults_gateway,
          ontoclasm_vaults_shout, hangedman_vaults_restitches,
          vaults_room_door_hall, vaults_mumra_hexcomb,
          ontoclasm_vaults_decontamination, nicolae_vaults_theta,
          vaults_standard_mumra_enter_the_diamond, vaults_room_fours,
          hangedman_vaults_stretched_pinwheel, serial_shops, shop,
          uniq_frederick
Vaults:3: hangedman_vaults_capsules, minmay_crypt_entry_simple_sparse,
          v_misc_15, nicolae_vaults_alarming, ontoclasm_vaults_misaligned,
          v_misc_22, hangedman_vaults_corner_blocks, vaults_room_fours,
          vaults_room_door_ring, nicolae_vaults_know_your_exits,
          vaults_mumra_minichess_inversion, grunt_vaults_funnel,
          nicolae_vaults_yaktaur_gun_rack, serial_glass
Vaults:4: v_alt_pattern_6, hangedman_vaults_stitches, nicolae_vaults_quadrants,
          hangedman_vaults_cutoff, vaults_room_semicircle, grunt_vaults_focal,
          nicolae_vaults_hallways_thing, v_misc_19, hangedman_vaults_nails,
          nicolae_vaults_little_squares_3, vaults_room_corners
Depths:1: moated_statue, mu_enter_wizlab_5, pf_hell_entry_great_geh,
          minmay_multi_spiral, serial_bayou_shore_b
Depths:2: minmay_expanding_squares, abyss_entry_glasseish, minmay_misc_feat_iff,
          grunt_metal_band, serial_sigils_hangedman_shear,
          lemuel_flamethrower_3, infiniplex_staircase_spiral
Depths:3: grunt_profane_halls, pan_entry, hell_entry
Depths:4: spider_temple_joshua, hangedman_abyss_entry_splay,
          grunt_hell_entry_dis_mu, minmay_staircase_bubble
Depths:5: grunt_twist_and_shout, hell_entry, hangedman_abyss_or_decor_passed,
          uniq_boris, uniq_mennas, uniq_xtahua
Bailey:   bailey_polearm_4, bailey
IceCv:    ice_cave_small_necro
WizLab:   wizlab_iskenderun

Action                   |  1- 3 |  4- 6 |  7- 9 | 10-12 | 13-15 | 16-18 | 19-21 | 22-24 || total
-------------------------+-------+-------+-------+-------+-------+-------+-------+-------++-------
Melee: Unarmed           |    84 |   195 |   568 |   720 |  2388 |  1633 |  2186 |  2174 ||  9948
       Blowgun           |       |       |       |       |       |       |       |    28 ||    28
 Fire: Blowgun           |       |       |       |    19 |    24 |    37 |    14 |    58 ||   152
 Cast: Throw Frost       |       |       |       |       |       |       |       |     6 ||     6
       Condensation Shie |       |       |       |       |       |       |       |     1 ||     1
Invok: Lesser Servant of |       |       |       |     5 |       |       |       |     2 ||     7
       Major Destruction |       |       |       |     9 |     5 |    10 |       |    15 ||    39
       Minor Destruction |       |       |       |     1 |       |     3 |       |     9 ||    13
 Abil: Evoke Flight      |       |       |       |       |     2 |     2 |       |     1 ||     5
       Stop Flying       |       |       |       |       |     2 |       |       |     1 ||     3
       Evoke Invisibilit |       |       |       |       |       |       |       |     1 ||     1
Evoke: Wand              |       |       |       |    10 |     4 |     3 |     1 |     9 ||    27
  Use: Scroll            |       |     5 |    10 |    18 |    20 |    20 |     9 |    16 ||    98
       Potion            |       |     4 |       |     1 |     6 |     2 |     3 |     6 ||    22
 Stab: Sleeping          |     8 |     3 |     2 |    11 |     2 |       |     4 |     8 ||    38
       Distracted        |       |       |     1 |       |     1 |       |     3 |    12 ||    17
       Confused          |       |       |       |     1 |       |       |       |       ||     1
       Fleeing           |       |       |       |     1 |       |       |       |       ||     1
       Invisible         |       |       |       |       |       |       |       |     3 ||     3
  Eat: Chunk             |     6 |     4 |    18 |    48 |    98 |    49 |   104 |    81 ||   408
       Meat ration       |       |       |       |       |       |     1 |       |       ||     1
       Pizza             |       |       |       |       |       |       |       |     1 ||     1
